Map: Backwater LE

Players

Jason - Winner!

  • Race: Terran Terran
  • League: Grandmaster
  • Spawn Location: 5:00

Zero

  • Race: Terran Terran
  • League: Grandmaster
  • Spawn Location: 11:00

VOD

Have the link to the VOD?

Description

Time

  • Played on: March 4, 2018, 8:36 p.m.
  • Length: 14:57
Show
View Real Time Build Order
Export as new Build Order

Jason Terran - Winner!

Build Orders: Gas First Reaper Expand, Reaper Expand, Bio Tank 

Get SALT Encoding   

  12  0:01  SCV  
  13  0:13  SCV  
  14  0:17  Supply Depot  
  14  0:25  Refinery  
  14  0:29  SCV  
  15  0:43  Barracks  
  15  0:46  SCV  
  16  0:58  SCV  
  17  1:10  SCV  
  19  1:31  Orbital Command  
  19  1:32  Reaper  
  19  1:48  Command Center  
  19  1:58  Factory  
  19  2:01  SCV  
  20  2:07  Reaper  
  21  2:13  SCV  
  22  2:17  Supply Depot  
  22  2:25  Refinery, SCV  
  23  2:39  SCV  
  23  2:43  Barracks Reactor  
  23  2:44  Hellion  
  27  2:51  SCV  
  27  2:57  Starport  
  27  3:02  Orbital Command  
  27  3:03  SCV  
  28  3:18  SCV, Cyclone  
  32  3:27  Supply Depot  
  30  3:42  SCV  
  30  3:43  Marine x2  
  30  3:45  Viking  
  35  3:50  SCV  
  35  3:54  SCV  
  37  4:02  Marine x2  
  38  4:04  SCV  
  38  4:07  Barracks x2  
  38  4:09  SCV  
  41  4:17  SCV  
  42  4:21  SCV  
  43  4:24  Marine x2  
  43  4:25  Factory Tech Lab, Starport Reactor  
  43  4:29  SCV  
  46  4:35  SCV  
  47  4:39  Supply Depot  
  47  4:40  Engineering Bay  
  47  4:41  SCV  
  48  4:47  SCV  
  48  4:49  Marine x2  
  47  4:53  Siege Tank  
  47  4:57  SCV, Barracks Tech Lab x2  
  47  4:59  SCV  
  52  5:01  Refinery  
  52  5:04  Supply Depot  
  52  5:07  Medivac, Terran Infantry Weapons Level 1  
  52  5:08  Marine x2  
  52  5:10  SCV  
  52  5:12  SCV  
  58  5:15  Medivac  
  58  5:16  Marine  
  58  5:19  Marine  
  62  5:25  SCV x2  
  62  5:26  Marine  
  65  5:29  Supply Depot  
  65  5:32  Marine, Siege Tank  
  68  5:37  Marine  
  68  5:38  SCV  
  70  5:51  Medivac, Supply Depot, SCV x2, Marine x2  
  70  5:54  Marine  
  70  5:55  Marine  
  78  6:03  Supply Depot  
  78  6:12  SCV x2, Marine x3, Siege Tank  
  86  6:19  Stimpack  
  86  6:24  Barracks, Combat Shields  
  86  6:25  Barracks, Marine  
  87  6:27  SCV  
  87  6:30  Marine x3  
  87  6:32  Supply Depot  
  91  6:36  Medivac  
  93  6:41  Supply Depot  
  93  6:43  Marine  
  94  6:53  Marine x3  
  97  6:57  Supply Depot, SCV x2  
  97  6:58  Supply Depot  
  97  7:00  Marine  
  100  7:05  Siege Tank  
  100  7:07  Supply Depot  
  103  7:11  Marine x3  
  103  7:12  Marine  
  103  7:13  Marine  
  108  7:18  Marine  
  109  7:29  Marine x3  
  112  7:30  Marine  
  112  7:32  Marine  
  112  7:36  Marine  
  115  7:37  Supply Depot, Siege Tank  
  115  7:38  Supply Depot  
  115  7:40  Medivac  
  115  7:42  Medivac  
  122  7:47  Marine x4  
  122  7:50  Marine  
  127  7:54  Marine  
  128  8:05  Marine x4  
  126  8:08  Marine  
  126  8:09  Siege Tank  
  126  8:12  Marine  
  130  8:22  Marine x3  
  130  8:23  Marine  
  130  8:26  Marine  
  135  8:29  Marine  
  136  8:39  Medivac  
  136  8:40  Marine x3  
  136  8:41  Marine, Siege Tank  
  135  8:43  Marine  
  135  8:47  Marine  
  128  8:58  Marine x3  
  128  8:59  Medivac, Marine  
  128  9:01  Marine  
  135  9:05  Marine  
  132  9:10  SCV x2  
  132  9:13  Siege Tank  
  132  9:15  Command Center  
  132  9:16  Marine x4  
  140  9:19  Marine  
  140  9:22  SCV  
  140  9:23  Marine  
  144  9:34  Marine x4  
  144  9:37  Marine  
  149  9:41  Marine  
  150  9:45  Medivac x2  
  150  9:52  Marine x2  
  150  9:59  Supply Depot  
  150  10:00  Supply Depot, Barracks Reactor x2, Marine  
  150  10:01  Supply Depot  
  150  10:02  Supply Depot  
  150  10:03  Supply Depot  
  150  10:14  Supply Depot  
  150  10:15  Supply Depot  
  150  10:19  Marine  
  150  10:20  Marine x3  
  150  10:21  Siege Tank  
  156  10:22  Supply Depot  
  156  10:37  Marine  
  156  10:38  Marine x5  
  162  10:49  Marine  
  163  10:51  Marine  
  163  10:53  Siege Tank  
  163  10:54  Marine  
  163  10:56  Marine x5  
  144  11:07  Marine  
  144  11:09  Marine  
  128  11:12  SCV x2, Marine  
  128  11:13  Orbital Command  
  128  11:14  Marine x5  
  128  11:16  Sensor Tower  
  136  11:24  SCV  
  136  11:25  Marine, Siege Tank  
  123  11:26  SCV, Marine  
  123  11:30  Marine  
  123  11:31  Marine x2  
  123  11:32  Marine x3  
  129  11:36  SCV  
  129  11:37  Factory  
  129  11:38  Refinery, SCV  
  131  11:45  SCV  
  132  11:48  SCV, Marine x2  
  132  11:52  Marine x3  
  132  11:53  Marine x3  
  141  11:55  Refinery  
  141  12:01  Terran Infantry Armor Level 1  
  141  12:03  Sensor Tower  
  141  12:06  Marine x2  
  143  12:10  Marine x4  
  143  12:13  Marine  
  143  12:14  Marine  
  149  12:21  Factory Tech Lab  
  146  12:24  Marine x2  
  146  12:27  Refinery  
  146  12:28  Marine x4  
  146  12:29  Siege Tank  
  155  12:32  Marine x2  
  138  12:42  Marine x2  
  134  12:46  Marine x4  
  134  12:49  Siege Tank  
  134  12:50  Marine x2  
  143  12:59  Marine  
  143  13:00  Marine  
  143  13:03  Marine  
  143  13:04  Marine x3, Siege Tank  
  152  13:08  Marine x2  
  154  13:17  Marine x2  
  153  13:21  Marine x3, Siege Tank  
  153  13:22  Marine  
  153  13:25  Marine x2  
  162  13:35  Marine x2  
  162  13:37  Medivac, Widow Mine  
  162  13:39  Marine x4  
  172  13:43  Medivac, Marine x2  
  176  13:53  Marine x2, Siege Tank  
  181  13:57  Marine x4  
  181  14:01  Marine x2  
  187  14:04  Siege Tank  
  187  14:08  Supply Depot  
  190  14:11  Marine x2  
  190  14:15  Marine x4  
  196  14:19  Marine  
  196  14:20  Marine  
  198  14:27  Armory  
  198  14:29  Marine x2  
Show
View Real Time Build Order
Export as new Build Order

Zero Terran 

Build Orders: Bio Tank 

Get SALT Encoding   

  12  0:00  SCV  
  13  0:12  SCV  
  14  0:17  Supply Depot  
  14  0:24  SCV  
  15  0:28  Refinery  
  15  0:39  SCV  
  16  0:45  Barracks  
  16  0:51  SCV  
  17  1:03  SCV  
  18  1:15  SCV  
  20  1:33  Orbital Command, Reaper  
  20  1:46  Command Center  
  20  1:59  SCV  
  21  2:02  Factory  
  21  2:07  Barracks Reactor  
  21  2:15  Supply Depot, SCV  
  22  2:20  Refinery  
  22  2:27  SCV  
  23  2:39  SCV  
  23  2:42  Marine x2  
  26  2:47  Widow Mine  
  28  2:52  Starport  
  28  2:54  SCV  
  29  2:59  Orbital Command  
  29  3:03  Marine  
  29  3:04  Marine  
  31  3:17  SCV  
  31  3:21  Marine x2  
  31  3:25  SCV  
  34  3:27  Factory Tech Lab  
  34  3:36  Medivac  
  34  3:38  SCV  
  34  3:39  Marine  
  37  3:42  SCV, Marine  
  39  3:49  Siege Tank  
  39  3:50  SCV  
  39  3:53  Supply Depot  
  43  3:57  SCV  
  43  4:02  SCV  
  43  4:08  Engineering Bay  
  43  4:09  SCV  
  44  4:11  Marine  
  44  4:14  SCV  
  46  4:17  Marine  
  46  4:22  SCV  
  47  4:31  SCV  
  47  4:35  SCV  
  49  4:39  Command Center  
  49  4:40  Marine  
  49  4:43  SCV  
  48  4:47  SCV  
  48  4:51  Siege Tank  
  52  4:54  Engineering Bay  
  52  4:55  Supply Depot  
  52  4:57  SCV  
  53  5:00  SCV  
  54  5:16  Marine x2  
  54  5:17  SCV  
  57  5:21  Barracks  
  57  5:23  Barracks  
  56  5:29  SCV  
  56  5:34  SCV, Marine  
  59  5:36  Starport Reactor, Siege Tank  
  59  5:41  Supply Depot  
  62  5:44  Refinery  
  62  5:45  Refinery  
  62  5:50  Terran Infantry Weapons Level 1, SCV, Marine  
  62  5:52  Orbital Command, Marine  
  62  5:53  SCV, Engineering Bay  
  66  6:00  Barracks x2  
  66  6:03  SCV  
  67  6:05  SCV  
  67  6:09  Siege Tank  
  71  6:11  Marine x2  
  71  6:12  Barracks Tech Lab  
  71  6:18  Medivac x2, Barracks Tech Lab  
  73  6:21  SCV  
  73  6:22  SCV x2  
  80  6:29  Marine, Terran Infantry Armor Level 1  
  81  6:33  SCV  
  81  6:34  Supply Depot, Stimpack  
  81  6:35  Combat Shields  
  81  6:38  SCV  
  81  6:39  Marine  
  83  6:40  Marine  
  85  6:48  Barracks Reactor  
  85  6:50  Barracks Reactor, Armory  
  85  6:55  SCV x3, Marine  
  89  7:02  Supply Depot, Siege Tank  
  89  7:06  Supply Depot, Marine  
  93  7:13  Supply Depot  
  93  7:14  Supply Depot, Orbital Command  
  93  7:23  SCV x2, Marine x3  
  93  7:24  Marine  
  93  7:25  Refinery, Marine  
  93  7:28  Refinery  
  100  7:35  Marine x3  
  100  7:36  SCV x2  
  105  7:42  Supply Depot  
  105  7:43  Siege Tank  
  105  7:44  Medivac x2, Supply Depot, SCV  
  110  7:48  SCV x2, Sensor Tower  
  115  7:56  Terran Infantry Weapons Level 2  
  115  7:57  SCV, Marine x2  
  118  8:00  SCV  
  113  8:06  Marine  
  113  8:11  Marine  
  113  8:12  SCV x3  
  116  8:15  Missile Turret  
  116  8:17  Marine x2  
  116  8:18  Siege Tank  
  120  8:22  Marine  
  120  8:24  Marine x2  
  122  8:29  Marine  
  121  8:35  Marine x2  
  121  8:40  Marine  
  116  8:42  Marine x2  
  116  8:43  SCV  
  116  8:44  SCV x2  
  116  8:46  Sensor Tower  
  121  8:50  Armory  
  121  8:58  SCV x2  
  121  9:00  Marine x2  
  121  9:01  Supply Depot, Barracks Reactor  
  121  9:02  Barracks Reactor  
  125  9:03  SCV  
  125  9:05  Missile Turret  
  125  9:09  Marine x2  
  119  9:10  SCV  
  119  9:12  Siege Tank  
  119  9:16  SCV x2  
  126  9:18  Marine  
  126  9:20  Marine  
  126  9:21  Medivac x2  
  126  9:22  SCV  
  132  9:27  Marine x2  
  134  9:36  Marine, Factory  
  134  9:37  Marine  
  136  9:39  Marine x3  
  136  9:41  Supply Depot  
  136  9:45  Marine x2  
  131  10:02  Marine x3  
  131  10:28  Factory Tech Lab, Command Center  
  128  10:59  Marine  
  128  11:00  Medivac, Marine  
  128  11:01  Medivac  
  128  11:04  Marine x2  
  116  11:12  Siege Tank  
  116  11:17  Marine  
  118  11:18  Marine  
  118  11:21  Marine  
  118  11:22  Marine  
  111  11:30  Terran Infantry Weapons Level 3  
  111  11:33  Engineering Bay  
  111  11:35  Marine  
  111  11:36  Marine  
  111  11:38  Medivac x2  
  111  11:39  Barracks, Marine  
  118  11:40  Barracks x2  
  118  11:43  Terran Vehicle Weapons Level 1  
  118  11:44  Refinery  
  118  11:54  Sensor Tower  
  118  11:57  Supply Depot  
  118  12:00  Barracks  
  118  12:13  Command Center  
  118  12:18  Terran Infantry Armor Level 2  
  118  12:19  SCV x2, Marine x3, Siege Tank  
  126  12:33  Marine  
  126  12:35  Marine x2, Siege Tank  
  126  12:36  Marine x4  
  100  12:49  Marine  
  101  12:51  Marine  
  101  12:53  Marine x3  
  101  12:54  Marine  
  101  12:58  Marine x2  
  106  13:07  Marine  
  106  13:09  Marine  
  106  13:11  Marine  
  106  13:20  Siege Tank x2  
  106  13:21  Marine x2  
  114  13:40  Marine x2  
  116  13:45  Marine  
  117  13:50  Marine x2  
  117  13:54  Missile Turret  
  117  13:55  Missile Turret  
  119  13:56  Orbital Command  
  116  14:04  Viking  
  118  14:12  Marine x3  
  121  14:20  Supply Depot, Siege Tank  
  121  14:21  Siege Tank  
  121  14:22  Supply Depot, Marine  
  121  14:23  Marine  
  129  14:27  Marine x3  
Tags
 
Add a new tag
Caveats
  • Supply blocks, unpowered buildings, or Contaminate may cause inaccurate times.
  • Supply counts are checked every 10 seconds.